Map: Newkirk Precinct TE (Void)

Players

Railgan

  • Race: Zerg Zerg
  • League: Grandmaster
  • Spawn Location: 7:00

Semper - Winner!

  • Race: Terran Terran
  • League: Grandmaster
  • Spawn Location: 5:00

VOD

Have the link to the VOD?

Description

Time

  • Played on: March 19, 2017, 8:55 p.m.
  • Length: 11:47
Show
View Real Time Build Order
Export as new Build Order

Railgan Zerg 

Build Orders: Pool First 

Get SALT Encoding   

  12  0:00  Drone  
  13  0:13  Overlord  
  13  0:18  Drone  
  14  0:31  Drone x2  
  16  0:36  Drone  
  17  0:46  Drone  
  17  0:49  Spawning Pool  
  17  0:56  Drone  
  18  1:12  Hatchery  
  18  1:14  Extractor  
  17  1:18  Drone  
  17  1:20  Drone  
  18  1:36  Roach Warren  
  18  1:37  Zergling x2  
  18  1:41  Drone  
  18  1:46  Queen  
  21  1:50  Drone  
  22  2:00  Overlord  
  22  2:19  Roach  
  22  2:21  Queen  
  26  2:23  Roach  
  26  2:26  Queen  
  30  2:32  Roach  
  32  2:41  Overlord  
  32  2:42  Drone  
  33  2:46  Drone  
  34  2:53  Drone  
  35  2:58  Drone  
  35  3:02  Drone x2  
  37  3:08  Lair  
  37  3:10  Drone  
  38  3:15  Drone x2  
  40  3:21  Overlord  
  40  3:23  Drone  
  41  3:29  Extractor, Drone x2  
  42  3:35  Drone  
  42  3:36  Drone  
  42  3:40  Overlord  
  44  3:43  Drone  
  44  3:44  Drone  
  44  3:45  Extractor  
  44  3:46  Drone  
  46  3:48  Drone  
  46  3:50  Drone  
  46  3:52  Drone  
  49  3:56  Drone  
  49  4:02  Drone  
  51  4:06  Drone  
  52  4:13  Drone x2  
  52  4:14  Drone, Overlord  
  52  4:15  Drone x2  
  57  4:19  Hydralisk Den  
  57  4:20  Extractor, Drone  
  56  4:25  Metabolic Boost  
  56  4:28  Drone  
  56  4:29  Drone  
  58  4:36  Zergling x2  
  59  4:42  Ravager x3  
  59  4:44  Overseer  
  63  4:45  Zergling x2  
  63  4:46  Zergling x10  
  63  4:50  Overlord  
  68  4:57  Muscular Augments  
  68  4:59  Overlord  
  68  5:24  Hydralisk x2  
  68  5:25  Hydralisk  
  68  5:26  Drone  
  74  5:30  Evolution Chamber  
  74  5:33  Evolution Chamber  
  74  5:34  Hydralisk x4  
  80  5:40  Overlord  
  80  5:41  Hatchery  
  79  5:56  Hydralisk  
  75  5:57  Hydralisk x4  
  80  6:05  Hydralisk  
  80  6:06  Hydralisk x2  
  83  6:12  Drone x2  
  83  6:15  Drone x3  
  88  6:18  Zergling x2  
  88  6:21  Zerg Missile Weapons Level 1  
  88  6:23  Zergling x2  
  90  6:30  Drone  
  91  6:42  Hydralisk x2  
  81  6:47  Hydralisk x5  
  81  6:49  Drone  
  81  6:52  Drone  
  90  6:58  Zergling x2  
  91  7:02  Zerg Ground Armor Level 1  
  89  7:20  Overlord x2  
  89  7:21  Extractor  
  89  7:22  Extractor  
  87  7:26  Overlord  
  87  7:30  Overlord  
  87  7:32  Overlord  
  87  7:35  Lurker Den  
  87  7:38  Overlord  
  87  7:40  Zergling x20  
  96  7:46  Drone x3  
  96  7:49  Infestation Pit  
  96  7:51  Drone x5  
  103  8:06  Drone x5  
  103  8:09  Drone  
  109  8:13  Drone, Pneumatized Carapace  
  109  8:16  Drone x2  
  109  8:18  Hydralisk  
  114  8:21  Drone x2  
  115  8:31  Hydralisk x5  
  115  8:33  Zerg Missile Weapons Level 2, Overlord  
  125  8:44  Zergling x6  
  125  8:45  Hive  
  125  8:47  Zergling x4  
  130  8:50  Overlord  
  130  8:52  Hydralisk  
  130  8:55  Hydralisk  
  134  9:04  Hydralisk x2  
  134  9:08  Overlord, Queen  
  137  9:14  Overlord  
  121  9:17  Hydralisk x6  
  121  9:19  Hydralisk  
  121  9:23  Hydralisk x2  
  131  9:26  Drone  
  131  9:28  Drone  
  129  9:34  Drone x3  
  129  9:35  Hydralisk  
  129  9:45  Hydralisk  
  129  9:46  Hydralisk x3  
  136  10:07  Viper, Zergling x10  
  136  10:08  Viper x3  
  136  10:09  Overlord  
  152  10:16  Overlord  
  152  10:20  Overlord  
  152  10:23  Hydralisk  
  152  10:25  Overlord x2  
  154  10:28  Hatchery  
  154  10:31  Zergling x2  
  149  10:36  Hydralisk  
  149  10:39  Hydralisk  
  149  10:41  Zergling x12  
  159  10:50  Hydralisk  
  159  10:51  Lurker  
  159  10:52  Lurker  
  151  10:58  Hydralisk  
  148  11:11  Hydralisk x6  
  103  11:19  Hydralisk x3  
  103  11:21  Zergling x10  
  110  11:30  Lurker  
Show
View Real Time Build Order
Export as new Build Order

Semper Terran - Winner!

Build Orders: Reaper Expand, MMM Bio 

Get SALT Encoding   

  12  0:00  SCV  
  13  0:12  SCV  
  14  0:18  Supply Depot  
  14  0:24  SCV  
  15  0:39  SCV  
  15  0:40  Barracks  
  16  0:44  Refinery  
  16  0:51  SCV  
  17  1:03  SCV  
  18  1:15  SCV  
  19  1:27  Orbital Command  
  19  1:28  Reaper  
  20  1:42  Command Center  
  20  1:53  Supply Depot, SCV  
  21  2:00  Marine  
  22  2:05  SCV  
  23  2:09  Factory  
  23  2:17  SCV  
  23  2:22  Barracks Reactor  
  24  2:30  SCV  
  25  2:44  Command Center  
  25  2:45  SCV  
  26  3:04  SCV  
  27  3:07  Orbital Command  
  31  3:13  Barracks Tech Lab  
  31  3:16  SCV  
  32  3:22  Cyclone  
  30  3:28  Refinery, SCV  
  30  3:33  Marauder  
  34  3:34  SCV  
  34  3:38  Supply Depot  
  34  3:40  SCV  
  35  3:51  Barracks  
  35  3:53  Cyclone  
  35  3:54  Barracks  
  38  3:57  SCV  
  38  3:58  SCV  
  38  4:00  Orbital Command  
  40  4:03  Marine  
  40  4:09  SCV  
  42  4:12  SCV  
  42  4:16  Stimpack  
  43  4:22  Hellion, SCV  
  43  4:24  SCV  
  47  4:26  Hellion  
  47  4:27  SCV  
  47  4:31  Marine  
  51  4:35  SCV  
  51  4:37  SCV  
  53  4:42  Barracks Reactor  
  53  4:43  Barracks Reactor, Hellion  
  56  4:45  SCV  
  56  4:47  Hellion  
  56  4:50  Supply Depot  
  56  4:52  SCV x2  
  60  4:57  SCV  
  61  5:03  Engineering Bay  
  61  5:04  Engineering Bay, SCV  
  61  5:06  Marine  
  63  5:13  SCV  
  64  5:15  Hellion x2  
  68  5:22  SCV  
  68  5:27  Marine x3  
  68  5:28  Marine x2  
  73  5:31  SCV  
  73  5:32  SCV  
  73  5:33  Terran Infantry Armor Level 1, Terran Infantry Weapons Level 1  
  76  5:35  Supply Depot  
  76  5:37  Starport  
  76  5:38  Supply Depot  
  76  5:43  SCV  
  76  5:45  Refinery  
  77  5:56  Marine  
  72  5:58  SCV x2  
  70  6:06  Marine  
  70  6:07  Marine x2, Marauder  
  70  6:09  SCV  
  72  6:12  SCV x2  
  72  6:14  Marine  
  72  6:15  Factory Tech Lab  
  72  6:17  Refinery  
  71  6:20  Combat Shields  
  71  6:24  Marine  
  71  6:25  Marine x2  
  74  6:27  SCV x2  
  74  6:28  Barracks  
  74  6:30  Medivac x2, Barracks  
  77  6:44  Marine  
  77  6:46  Marine x2  
  71  6:48  Marine x2  
  71  6:50  Siege Tank  
  71  6:51  SCV  
  71  6:52  SCV  
  77  7:02  Marine, Supply Depot x2  
  77  7:04  Marine  
  77  7:05  Marine  
  77  7:06  SCV  
  77  7:07  Marine, SCV, Orbital Command  
  79  7:21  Barracks Reactor x2  
  78  7:23  Marine  
  78  7:26  SCV  
  78  7:27  Siege Tank  
  83  7:31  SCV  
  83  7:32  Supply Depot x2  
  83  7:35  Armory  
  83  7:36  SCV  
  85  7:46  Marine x5  
  85  7:50  Medivac  
  92  7:54  Medivac  
  92  7:55  SCV x2  
  96  7:58  Marine x4  
  96  8:01  Supply Depot  
  96  8:02  Supply Depot  
  96  8:03  Siege Tank  
  96  8:04  Marine x3  
  106  8:07  SCV x3  
  109  8:13  Supply Depot  
  109  8:23  Marine x7, Marauder  
  118  8:27  Marine  
  118  8:33  Terran Infantry Weapons Level 2, Terran Infantry Armor Level 2  
  119  8:34  Supply Depot  
  119  8:35  Terran Vehicle Weapons Level 1, Supply Depot  
  119  8:37  SCV  
  119  8:41  Marine x4  
  124  8:43  Marine, Refinery x2, SCV x2  
  124  8:44  Marine x2  
  124  8:47  Supply Depot  
  124  8:48  Supply Depot x2  
  128  8:49  Marine x2  
  128  8:53  Medivac  
  132  8:56  Medivac  
  132  8:58  Marine x3  
  137  9:06  Marine  
  137  9:07  Marine x5  
  130  9:19  Marine  
  130  9:21  Marine  
  130  9:23  Medivac, Siege Tank  
  133  9:24  Marine  
  130  9:33  Marine x6  
  128  9:47  Marine x3  
  128  9:50  Marine  
  128  9:51  Marine x4, Marauder  
  138  9:57  Siege Tank  
  141  10:03  Supply Depot  
  141  10:04  Marine, Supply Depot  
  141  10:05  Marine x2  
  141  10:08  Marine x2  
  141  10:13  Barracks, Marauder  
  145  10:15  Barracks, Marine  
  145  10:16  Barracks  
  146  10:22  Marine  
  147  10:29  Siege Tank  
  147  10:34  Marauder  
  151  10:40  Marine x8  
  159  10:55  Marauder  
  158  10:58  Marine x2  
  158  10:59  Marine x2  
  158  11:00  Marine x2  
  155  11:08  Marine, Siege Tank  
  155  11:09  Marine x4  
  155  11:10  Medivac  
  155  11:11  Medivac  
  146  11:15  Marine  
  146  11:16  Marine x2  
  146  11:17  Marine x2  
  128  11:19  Marine x2  
  128  11:26  Marine x4  
  128  11:27  Marine  
Tags
 
Add a new tag
Caveats
  • Supply blocks, unpowered buildings, or Contaminate may cause inaccurate times.
  • Supply counts are checked every 10 seconds.